 Dungeon Crawl Stone Soup version 0.27.1-35-g4d5d836560 (console) character file.

Game seed: 692836604914646481

140 Banquo the Chopper (level 5, -11/41 HPs)
             Began as a Formicid Fighter on Mar 21, 2022.
             Was a Believer of Sif Muna.
             Mangled by an ogre (15 damage)
             ... on level 3 of the Dungeon.
             The game lasted 00:08:02 (3071 turns).

Banquo the Chopper (Formicid Fighter)               Turns: 3071, Time: 00:08:02

Health: -11/41     AC:  8    Str: 21    XL:     5   Next: 46%
Magic:  5/5        EV:  8    Int:  8    God:    Sif Muna [**....]
Gold:   131        SH: 10    Dex: 10    Spells: 4/4 levels left

rFire    . . .     SeeInvis +   a - +0 war axe
rCold    . . .     Faith    .   c - +1 kite shield
rNeg     . . .     Spirit   .   b - +0 scale mail
rPois    .         Reflect  .   (helmet unavailable)
rElec    .         Harm     .   (no cloak)
rCorr    .         Rampage  .   (no gloves)
Will     .....                  f - +0 pair of boots
Stlth    ..........             (no amulet)
HPRegen  0.13/turn              (no ring)
MPRegen  0.09/turn              (no ring)

@: no status effects
A: permanent stasis, dig shafts and tunnels, antennae 3, four strong arms
a: Dig, Shaft Self, Renounce Religion, Channel Magic


You were on level 3 of the Dungeon.
You worshipped Sif Muna.
Sif Muna was pleased with you.
You visited 1 branch of the dungeon, and saw 3 of its levels.

You collected 131 gold pieces.

Inventory:

Hand Weapons
 a - a +0 war axe (weapon)
 p - a +0 vampiric whip
Missiles
 o - 7 boomerangs
 q - 4 poisoned darts
Armour
 b - a +0 scale mail (worn)
 c - a +1 kite shield (worn)
 f - a +0 pair of boots (worn)
Scrolls
 h - a scroll of noise
 i - a scroll of identify
Potions
 d - a potion of might
 e - a potion of haste {unknown}
 g - 2 potions of curing
 j - a potion of heal wounds
 n - 2 potions of mutation {unknown}


   Skills:
 * Level 3.4 Fighting
 * Level 4.8 Axes
 * Level 3.5 Armour
 * Level 0.3 Dodging
 * Level 3.7 Shields


You had 4 spell levels left.
You didn't know any spells.
Your spell library was empty.

Dungeon Overview and Level Annotations

Branches:
Dungeon (3/15)

Altars:
Sif Muna
Zin


Innate Abilities, Weirdness & Mutations

You cannot be hasted, slowed, berserked, paralysed or teleported.
You can dig through walls and to a lower floor.
You have a pair of large antennae on your head. (SInv)
Your four strong arms can wield two-handed weapons with a shield.


Message History

The adder is moderately wounded.
You block the adder's attack. The adder bites you but does no damage.
You hit the adder.
The adder is severely wounded.
The adder bites you. The adder bites you but does no damage.
You closely miss the adder.
The adder is severely wounded.
You block the adder's attack. x2
You hit the adder.
You kill the adder!
Sif Muna accepts your kill. You block the orc's attack.
You slash the orc!
You kill the orc!
Sif Muna accepts your kill.
No target in view!
You start resting.
You sense a monster nearby.
i - a scroll of identify
There is an open door, spattered with blood here.
Items here: ( ))) [ †.
An ogre comes into view. It is wielding a +0 giant spiked club.
The ogre shouts!
You hit the ogre.
The ogre is lightly wounded.
The ogre hits you with a +0 giant spiked club!!
You hit the ogre.
The ogre is moderately wounded.
The ogre hits you with a +0 giant spiked club!!
* * * LOW HITPOINT WARNING * * *
You slash the ogre!
The ogre is severely wounded.
You block the ogre's attack.
You hit the ogre.
The ogre is severely wounded.
The ogre barely misses you. You block the ogre's attack.
You hit the ogre.
The ogre is almost dead.
The ogre hits you with a +0 giant spiked club!
You die...

........#....#######.......# #
.............#.............#
.............#.#####.......####
#####.#....>...................
#.##...#.#.########.#######
#.##..)).#.# #.....#
#.##....##.####.#####
#...........#...#
#.####..####@.########
####....#..O#####....#
#....####)....#._.# #....#
#.###.#...# ###..####...#.#####
##)....###O...# #<.....#....###
##.######.#...# ..# #.###.#


You could see an ogre.

Vanquished Creatures
  7 adders
  A worm (D:2)
  2 dart slugs (D:1)
  2 orcs (D:3)
  5 endoplasms
  7 giant cockroaches
  5 goblins
  6 hobgoblins
  4 jackals (D:1)
  2 quokkas (D:2)
  7 ball pythons
  3 bats
  2 frilled lizards (D:2)
  9 kobolds
  3 rats
65 creatures vanquished.

Vanquished Creatures (collateral kills)
  An endoplasm (D:3)
1 creature vanquished.

Grand Total: 66 creatures vanquished

Notes
Turn   | Place    | Note
-------+----------+-------------------------------------------
     0 | D:1      | Banquo the Formicid Fighter began the quest for the Orb.
     0 | D:1      | Reached XP level 1. HP: 18/18 MP: 1/1
   160 | D:1      | Reached XP level 2. HP: 24/24 MP: 2/2
   320 | D:1      | Reached skill level 3 in Axes
   402 | D:1      | Found a faded altar of an unknown god.
   405 | D:1      | Became a worshipper of Sif Muna the Loreminder
   405 | D:1      | Reached * piety under Sif Muna
   522 | D:1      | Reached XP level 3. HP: 23/27 MP: 3/3
   789 | D:1      | You fall into a shaft and drop 1 floor!
  1127 | D:2      | Reached skill level 4 in Axes
  1127 | D:2      | Reached XP level 4. HP: 17/35 MP: 4/4
  1978 | D:2      | Reached ** piety under Sif Muna
  2413 | D:2      | Reached XP level 5. HP: 41/41 MP: 5/5
  2989 | D:3      | Found a glowing silver altar of Zin.
  3061 | D:3      | Noticed an ogre
  3071 | D:3      | Mangled by an ogre

Illustrated notes

Levels and vault maps discovered:
D:1:      erik_arrival_cave_to_civilisation [erik_arrival_cave_to_hall],
          layout_basic, hellmonk_ecumenical_altar_inner_sanctum,
          hex_intersection
D:2:      minmay_chambers_of_twos, layout_basic, minmay_tetromino_s4
D:3:      layout_basic, mainiacjoe_overflow_swirl, eino_tiny_chamber,
          glass_columns_a, uniq_crazy_yiuf_cottage

Skill      XL: |  1  2  3 |
---------------+----------+-----
Axes           | 3 4 |  4.8
Fighting       | |  3.4
Armour         | |  3.5
Dodging        | |  0.3
Shields        | |  3.7

Action                   |  1- 3 |  4- 6 || total
-------------------------+-------+-------++-------
Melee: War axe           |   111 |    91 ||   202
 Abil: Dig               |       |     3 ||     3
  Use: Scroll            |       |     7 ||     7
Armor: Scale mail        |    44 |    40 ||    84
Dodge: Dodged            |    33 |    30 ||    63
Block: Kite shield       |    67 |    44 ||   111
